 Dungeon Crawl Stone Soup version 0.19-a0-867-g949743d (webtiles) character file.

298 PurpleSnorlax the Shield-Bearer (level 6, -2/38 HPs)
             Began as a Gargoyle Fighter on July 3, 2016.
             Slain by a gnoll
             ... wielding a +0 spear
              (6 damage)
             ... on level 6 of the Dungeon.
             The game lasted 00:06:53 (1042 turns).

PurpleSnorlax the Shield-Bearer (Gargoyle Fighter)  Turns: 1042, Time: 00:06:54

Health: -2/38      AC: 11    Str: 19 (21) XL:     6   Next: 36%
Magic:  6/6        EV: 14    Int:  8 (9)  God:
Gold:   119        SH:  9    Dex:  7 (9)  Spells: 0 memorised, 5 levels left

rFire  x . .     SeeInvis .     a - +0 trident
rCold  + . .     Gourm    .     b - +0 scale mail
rNeg   + . .     Faith    .     c - +0 shield
rPois  ∞         Spirit   .     (no helmet)
rElec  +         Dismiss  .     (no cloak)
rCorr  .         Reflect  .     (no gloves)
SustAt .         Harm     .     (no boots)
MR     .....                    (no amulet)
Stlth  ..........               j - +6 ring of evasion
                                e - ring of ice

@: not resistant to hostile enchantments, extremely unstealthy
A: negative energy resistance 1, electricity resistance, unbreathing,
petrification resistance, rot immunity, AC +4
a: no special abilities


You were on level 6 of the Dungeon.
You were not hungry.

You visited 1 branch of the dungeon, and saw 5 of its levels.

You collected 119 gold pieces.

Inventory:

Hand Weapons
 a - a +0 trident (weapon)
 m - a +0 spear
 n - a +0 giant spiked club
Missiles
 o - 20 bolts
Armour
 b - a +0 scale mail (worn)
 c - a +0 shield (worn)
 k - a +0 scale mail
Jewellery
 e - a ring of ice (left hand)
 j - a +6 ring of evasion (right hand)
Scrolls
 g - a scroll of random uselessness {unknown}
Potions
 d - a potion of might
 l - a potion of agility {unknown}
 p - a potion of heal wounds {unknown}
Comestibles
 f - 2 bread rations
 i - a meat ration
 q - 2 slices of pizza


   Skills:
 + Level 4.1 Fighting
 + Level 2.6 Polearms
 + Level 4.8 Armour
 + Level 1.7 Dodging
 + Level 5.0 Shields


You had 5 spell levels left.
You didn't know any spells.

Dungeon Overview and Level Annotations

Branches:
Dungeon (6/15)
 Temple: D:4-7

Altars:
Ashenzari
Kikubaaqudgha
Uskayaw
Vehumet


Innate Abilities, Weirdness & Mutations

You are resistant to torment.
Your stone body is resilient. (AC +4)
You are immune to poison.
You resist negative energy. (rN+)
You are resistant to electric shocks. (rElec)
You can survive without breathing.
You are immune to petrification.
You are immune to rotting.


Message History

The gnoll hits you from afar with a halberd.
The gnoll sergeant hits you from afar with a spear.
You block the gnoll's attack.
Your shield and scale mail prevent you from hitting the gnoll.
The gnoll is heavily wounded.
The ice beast hits you.
* * * LOW HITPOINT WARNING * * *
The ice beast freezes you. You resist.
* * * LOW HITPOINT WARNING * * *
The gnoll misses you.
The gnoll sergeant hits you from afar with a spear.
* * * LOW HITPOINT WARNING * * *
You block the gnoll's attack. The gnoll misses you.
The ice beast hits you but does no damage.
It was a potion of degeneration.
There was something very wrong with that liquid.
You feel weakened.
You feel dopey.
You feel clumsy. You block the gnoll's attack.
You block the gnoll sergeant's attack. The gnoll hits you with a spear.
You die...

.≈≈≈$ .#
..⌠.. .##
...... ..###
...... ....#
......##....#
.....g......#
.....gggY...#
#@....#
#.....#
#.....#
#.....#
#.....#
#.##### #.#
#.# ..#


You could see an ice beast, a gnoll sergeant and 3 gnolls.

Vanquished Creatures
  2 ogres (D:5)
  A hound (D:4)
  Jessica (D:2)
  A worker ant (D:4)
  A gnoll (D:6)
  2 adders
  3 giant geckos
  3 orcs (D:5)
  A bat (D:1)
  2 giant cockroaches
  A quokka (D:5)
  A ball python (D:1)
  A kobold (D:2)
  2 rats
22 creatures vanquished.

Notes
Turn   | Place    | Note
-------+----------+-------------------------------------------
     0 | D:1      | PurpleSnorlax the Gargoyle Fighter began the quest for the Orb.
     0 | D:1      | Reached XP level 1. HP: 14/14 MP: 1/1
   238 | D:2      | Reached XP level 2. HP: 14/19 MP: 2/2
   314 | D:2      | Found a shattered altar of Ashenzari.
   371 | D:2      | Noticed Jessica
   385 | D:2      | Killed Jessica
   385 | D:2      | Reached skill level 4 in Shields
   385 | D:2      | Reached XP level 3. HP: 23/23 MP: 3/3
   395 | D:2      | You fall through a shaft for 2 floors!
   408 | D:4      | Reached skill level 1 in Dodging
   408 | D:4      | Reached XP level 4. HP: 23/28 MP: 4/4
   587 | D:5      | Entered Level 5 of the Dungeon
   672 | D:5      | Found a radiant altar of Vehumet.
   672 | D:5      | Found an ancient bone altar of Kikubaaqudgha.
   677 | D:5      | Found a hide-covered altar of Uskayaw.
   884 | D:5      | Noticed an ogre
   885 | D:5      | Reached XP level 5. HP: 33/33 MP: 5/5
   893 | D:5      | Killed an ogre
   896 | D:5      | Noticed an ogre
   918 | D:5      | Killed an ogre
   918 | D:5      | Reached skill level 5 in Shields
   918 | D:5      | Reached XP level 6. HP: 26/38 MP: 6/6
  1033 | D:6      | Noticed an ice beast
  1042 | D:6      | Slain by a gnoll

Vault maps used:
D:1:      saegor_arrival_under_anarchy
D:2:      ashenzari_altar_1, minmay_misc_feat_rows, uniq_jessica
D:4:      first_bread, uniq_natasha, uniq_crazy_yiuf_cottage, uniq_blork_the_orc
D:5:      minitemple, serial_co_window_serial, co_window_of_opportunity_a,
          co_window_paths_b, co_window_corner_a, co_window_paths_a,
          co_window_paths_a, co_window_broadway_b, co_window_corner_b,
          co_window_corner_b, co_window_paths_e, co_window_sun, glass_columns_a,
          glass_columns_c, glass_columns_b, glass_columns_b, dk_noncrumbling_3
D:6:      amethyst_overflow_temple_binary, serial_shops,
          nicolae_shop_overgrown_old_shop, gup_sewer_entry_bubbles,
          serial_park_tiny_pond, bloody_trog

Skill      XL: |  1  2  3  4  5 |
---------------+----------------+-----
Shields        | 4 5 |  5.0
Dodging        | 1 |  1.7
Polearms       | 2 |  2.6
Armour         | 4 |  4.8
Fighting       | 4 |  4.1

Action                   |  1- 3 |  4- 6 || total
-------------------------+-------+-------++-------
Melee: Trident           |    74 |    70 ||   144
  Use: Potion            |       |     1 ||     1
  Eat: Bread ration      |       |     1 ||     1
Armor: Scale mail        |    31 |    24 ||    55
Dodge: Dodged            |    43 |    40 ||    83
Block: Shield            |    46 |    40 ||    86
